 Dungeon Crawl Stone Soup version 0.18-a0-1507-g69458e0 (webtiles) character file.

92 sugabear the Cudgeler (level 4, -2/23 HPs)
             Began as a Vine Stalker Gladiator on Mar 5, 2016.
             Slain by an orc priest
             ... wielding a +0 flail
              (4 damage)
             ... on level 3 of the Dungeon.
             The game lasted 00:01:38 (1551 turns).

sugabear the Cudgeler (Vine Stalker Gladiator)      Turns: 1551, Time: 00:01:38

Health: -2/23      AC:  6    Str: 19    XL:     4   Next: 60%
Magic:  0/5        EV: 12    Int:  8    God:
Gold:   123        SH:  0    Dex: 14    Spells: 0 memorised, 3 levels left

rFire  . . .     SeeInvis .     a - +0 flail
rCold  . . .     Gourm    .     h - +0 ring mail (curse)
rNeg   . . .     Faith    .     (no shield)
rPois  .         Spirit   +     c - +0 helmet
rElec  .         Dismiss  .     (no cloak)
rCorr  .         Reflect  .     (no gloves)
SustAt .         Harm     .     (no boots)
MR     .....                    (no amulet)
Stlth  +.........               (no ring)
                                (no ring)

@: not resistant to hostile enchantments, very unstealthy
A: fangs 2, regeneration 1, magic shield, antimagic bite, no device heal 3, rot
immunity
a: no special abilities


You were on level 3 of the Dungeon.
You were not hungry.

You visited 1 branch of the dungeon, and saw 3 of its levels.

You collected 123 gold pieces.

Inventory:

Hand Weapons
 a - a +0 flail (weapon)
Missiles
 d - 3 throwing nets (quivered)
 l - 3 javelins of returning
Armour
 b - a +0 leather armour
 c - a +0 helmet (worn)
 h - a cursed +0 ring mail (worn)
Jewellery
 e - an uncursed ring of resist corrosion {unknown}
 q - an uncursed ring of flight {unknown}
Scrolls
 g - a scroll of remove curse {unknown}
 j - a scroll of identify {unknown}
 m - a scroll of enchant armour {unknown}
 r - a scroll of random uselessness {unknown}
 s - a scroll of fear {unknown}
 t - a scroll of magic mapping {unknown}
 u - a scroll of enchant weapon {unknown}
Potions
 i - 2 potions of curing {unknown}
 k - a potion of might {unknown}
 n - a potion of agility {unknown}
 o - a potion of ambrosia {unknown}
 p - a potion of heal wounds {unknown}
Comestibles
 f - 3 bread rations
 v - a beef jerky


   Skills:
 + Level 2.1 Fighting
 + Level 3.3 Maces & Flails
 + Level 1.8 Throwing
 + Level 1.3 Armour
 + Level 3.3 Dodging


You had 3 spell levels left.
You didn't know any spells.

Dungeon Overview and Level Annotations

Branches:
Dungeon (3/15)

Altars:
Makhleb
Yredelemnul
The Shining One


Innate Abilities, Weirdness & Mutations

You have extremely sharp teeth.
Your natural rate of healing is unusually fast.
When hurt, damage is shared between your health and your magic reserves.
Your bite disrupts and absorbs the magic of your enemies.
Potions and wands cannot restore your health.
You are immune to rotting.


Message History

The orc priest looks braver for a moment.
The orc hits you but does no damage.
The orc priest mumbles some strange prayers to Beogh against you.
Beogh smites you!
You hit the orc. You bite the orc. You drain its power.
You feel invigorated.
You kill the orc!
The orc barely misses you. The goblin barely misses you.
You barely miss the orc priest. You bite the orc priest. You drain its power.
The orc priest is lightly wounded.
The orc priest hits you with a hand axe!
The goblin hits you but does no damage.
You hit the orc priest. Your bite misses the orc priest.
The orc priest is lightly wounded.
The orc priest mumbles some strange prayers to Beogh against you.
Beogh smites you!
* * * LOW HITPOINT WARNING * * *
The orc priest invokes the aid of Beogh against you.
You struggle to resist.
The goblin barely misses you. The orc barely misses you.
The orc priest hits you with a flail.
You die...

#.........# .
##.......## ...
##.....######.....
##.......<.......
##'#.######.....
#.#.##### ... ##
#.#..... .
#...#.#o.##...
#.....@go...#
#..).ooo.####
.....#........
#######.#.......
##########


You could see 2 orc priests, 3 orcs and a goblin.

Vanquished Creatures
  A hound (D:2)
  Jessica (D:2)
  An ooze (D:2)
  A giant gecko (D:1)
  An orc (D:3)
  5 bats
  2 giant cockroaches (D:1)
  7 goblins
  A jackal (D:2)
  2 kobolds
  A quokka (D:2)
  2 giant newts (D:2)
  4 rats
29 creatures vanquished.

Notes
Turn   | Place    | Note
--------------------------------------------------------------
     0 | D:1      | sugabear the Vine Stalker Gladiator began the quest for the Orb.
     0 | D:1      | Reached XP level 1. HP: 11/11 MP: 2/2
   204 | D:1      | Reached XP level 2. HP: 15/15 MP: 3/3
   730 | D:2      | Found a basalt altar of Yredelemnul.
   732 | D:2      | Noticed a profane servitor
   737 | D:2      | Found a glowing golden altar of the Shining One.
   739 | D:2      | Noticed an angel
   861 | D:2      | Noticed Jessica
   866 | D:2      | Killed Jessica
   866 | D:2      | Reached skill level 1 in Armour
   866 | D:2      | Reached XP level 3. HP: 12/18 MP: 4/4
  1048 | D:2      | Found a burning altar of Makhleb.
  1053 | D:2      | Reached XP level 4. HP: 23/23 MP: 5/5
  1551 | D:3      | Slain by an orc priest

Vault maps used:
D:1:      matt_arrival_los_fun, kennysheep_boxes
D:2:      grunt_temple_overflow_holy_war, first_bread, makhleb_heckhound_becter,
          uniq_jessica

Skill      XL: |  1  2  3 |
---------------+----------+-----
Maces & Flails | 3 |  3.3
Armour         | 1 |  1.3
Dodging        | 3 |  3.3
Fighting       | 2 |  2.1
Throwing       | |  1.8

Action                   |  1- 3 |  4- 6 || total
-------------------------+-------+-------++-------
Melee: Flail             |    43 |    19 ||    62
  Eat: Chunk             |       |     2 ||     2
